AoeStats
← joahellen22

Arabia

509559343Analyzed
1v1 RM · 6d ago on Sep 27, 2026· 19m 38s· 2 players
Game mode
Random Map
Map size
Tiny (2 player)
Population
200
Speed
Normal
Resources
Standard
Victory
Conquest
Starting age
Dark Age
Ending age
Imperial Age
RankedLock teamsTeams togetherTeam positionsShared explorationLock speedFull tech treeHidden civsTurbo modeCheats
Victory
Defeat
🇵🇰 Saracens · Pakistan
658
+18
🇳🇱 Spanish · Netherlands
705
-42
pansa_99
10:31 Feudal Age
14:45 Double-Bit Axe
17:55 Man-at-Arms
joahellen22
0:35 Loom
14:49 Feudal Age
20:21 Wheelbarrow
19:33 Town Watch
19:42 Double-Bit Axe
Connection lost

Rejoining the realm…

Still unreachable

The connection could not be restored.

Session expired

The server has moved on; the page needs a fresh start.